 Dungeon Crawl Stone Soup version 0.29-a0-553-g81b289dbe5 (webtiles) character file.

Game seed: 8406673401488239740

127 nrs142 the Skirmisher (level 4, -4/41 HPs)
             Began as a Minotaur Monk on June 6, 2022.
             Was a Priest of Qazlal.
             Splashed by a jelly's acid (7 damage)
             ... on level 3 of the Dungeon.
             The game lasted 00:03:45 (2224 turns).

nrs142 the Skirmisher (Minotaur Monk)               Turns: 2224, Time: 00:03:47

Health: -4/41      AC: -6    Str: 17    XL:     4   Next: 85%
Magic:  3/3        EV: 13    Int:  7    God:    Qazlal [***...]
Gold:   81         SH:  4    Dex: 13    Spells: 3/3 levels left

rFire   . . .      SeeInvis .   a - +0 spear
rCold   . . .      Faith    .   (no shield)
rNeg    . . .      Spirit   .   b - +0 robe
rPois   .          Reflect  .   (helmet restricted)
rElec   .          Harm     .   u - scarf {shadows}
rCorr   .          Rampage  .   (no gloves)
Will    .....                   (no boots)
Stlth   +.........              (no amulet)
HPRegen 0.13/turn               (no ring)
MPRegen 0.08/turn               (no ring)

@: corroded
A: horns 2, retaliatory headbutt
a: Renounce Religion, Upheaval, Elemental Force


You were on level 3 of the Dungeon.
You worshipped Qazlal.
Qazlal was most pleased with you.
You visited 1 branch of the dungeon, and saw 3 of its levels.

You collected 81 gold pieces.

Inventory:

Hand Weapons
 a - a +0 spear (weapon)
Armour
 b - a +0 robe (worn)
 u - a scarf of shadows (worn)
Jewellery
 j - a ring of positive energy
 p - a ring of see invisible
Scrolls
 f - 3 scrolls of vulnerability {unknown}
 g - a scroll of teleportation {unknown}
 h - 3 scrolls of identify {unknown}
 i - 2 scrolls of magic mapping {unknown}
 n - a scroll of immolation {unknown}
 o - a scroll of fog {unknown}
 r - 3 scrolls of blinking {unknown}
 s - a scroll of torment {unknown}
Potions
 c - a potion of ambrosia
 d - 2 potions of resistance {unknown}
 e - a potion of might {unknown}
 k - 2 potions of curing {unknown}
 l - 3 potions of cancellation {unknown}
 m - 2 potions of brilliance {unknown}
 q - a potion of invisibility {unknown}
 t - a potion of attraction {unknown}


   Skills:
 + Level 4.6 Fighting
 + Level 4.5 Polearms
 + Level 4.1 Dodging
 + Level 2.7 Stealth


You had 3 spell levels left.
You didn't know any spells.
Your spell library contained the following spells:

 Spells                   Type           Power      Damage    Failure   Level
 Slow                     Hex            0%         N/A       43%         1
 Confusing Touch          Hex            0%         N/A       80%         3
 Gell's Gravitas          Tloc           0%         N/A       80%         3
 Teleport Other           Tloc           0%         N/A       80%         3
 Vampiric Draining        Necr           0%         2d6       80%         3
 Dispersal                Tloc           0%         N/A       100%        6
 Malign Gateway           Summ/Tloc      0%         N/A       100%        7
 Summon Horrible Things   Summ           0%         N/A       100%        8


Dungeon Overview and Level Annotations

Branches:
Dungeon (3/15)

Altars:
Qazlal
Wu Jian


Innate Abilities, Weirdness & Mutations

You have a pair of horns on your head.
You reflexively headbutt those who attack you in melee.


Message History

The jelly is moderately wounded.
The jelly completely misses you.
You hit the jelly.
Your hands burn!
You headbutt the jelly.
The jelly is almost dead.
An endoplasm comes into view.
The jelly closely misses you.
You hit the jelly but do no damage.
Your hands burn!
You headbutt the jelly, but do no damage.
The jelly is almost dead.
The jelly misses you. You furiously retaliate!
You headbutt the jelly, but do no damage.
An endoplasm comes into view.
You are too injured to fight recklessly!
You are too injured to fight recklessly!
You are too injured to fight recklessly!
You are too injured to fight recklessly!
You are too injured to fight recklessly!
You hit the jelly.
Your hands burn!
The jelly is almost dead.
You hit the jelly.
You kill the jelly!
Qazlal accepts your kill.
Your life force feels restored.
You hit the endoplasm but do no damage. The endoplasm hits you.
You hit the endoplasm but do no damage. The endoplasm closely misses you.
You hit the endoplasm.
You headbutt the endoplasm, but do no damage.
The endoplasm is moderately wounded.
The endoplasm freezes you.
You are frozen.
* * * LOW HITPOINT WARNING * * *
You hit the endoplasm.
You kill the endoplasm!
Qazlal accepts your kill.
You hit the jelly but do no damage. The acid corrodes you!
Your hands burn!
* * * LOW HITPOINT WARNING * * *
The jelly hits you.
* * * LOW HITPOINT WARNING * * *
You are splashed with acid!
You die...

## .# .####### .......#
##### ##...###########
#รทรทรท..
....>####......##JJ..P.
......##.......#@#
########
......').......#.#
#......#
.)....').).....#.#
#.####.#
##....').....#'#.# #..#
#.# ##....##.....#.#)#
#.####.#
##...####.[..#.#.#
#.##...# ######
#######.## #.##.###
.#####. ### #.##.#
....... #.##.#


You could see a jelly and an endoplasm.

Vanquished Creatures
  A jelly (D:3)
  2 adders
  A worm (D:3)
  5 orcs (D:3)
  3 ball pythons
  9 endoplasms
  2 giant cockroaches (D:1)
  3 goblins
  6 hobgoblins
  4 jackals (D:2)
  12 kobolds
  2 quokkas
  5 bats
  4 frilled lizards
  3 rats
62 creatures vanquished.

Vanquished Creatures (others)
  3 fungi (D:3)
  8 toadstools (D:3)
11 creatures vanquished.

Grand Total: 73 creatures vanquished

Notes
Turn   | Place    | Note
-------+----------+-------------------------------------------
     0 | D:1      | nrs142 the Minotaur Monk began the quest for the Orb.
     0 | D:1      | Reached XP level 1. HP: 19/19 MP: 0/0
   311 | D:1      | Reached XP level 2. HP: 19/27 MP: 1/1
   501 | D:1      | Found a faded altar of an unknown god.
   626 | D:1      | Prayed at the altar of an unknown god.
   626 | D:1      | Became a worshipper of Qazlal Stormbringer
   626 | D:1      | Reached * piety under Qazlal
   626 | D:1      | Reached ** piety under Qazlal
   744 | D:2      | Reached XP level 3. HP: 31/33 MP: 2/2
   744 | D:2      | Reached *** piety under Qazlal
   777 | D:2      | Found a stormy altar of Qazlal.
  1194 | D:2      | You fall into a shaft and drop 1 floor!
  1343 | D:3      | Reached XP level 4. HP: 22/41 MP: 3/3
  1891 | D:3      | Found an ornate altar of the Wu Jian Council.
  2224 | D:3      | Splashed by a jelly's acid

Illustrated notes

Levels and vault maps discovered:
D:1:      enne_arrival_octagon_isle, layout_basic,
          chequers_ecumenical_altar_grove
D:2:      layout_rooms, basic_altar, moated_statue, minmay_cupped
D:3:      cheibrodos_fertilizer, layout_loops_ring,
          pdpol_wu_jian_five_deadly_venoms

Skill      XL: |  1  2  3  4 |
---------------+-------------+-----
Fighting       | 4 |  4.6
Stealth        | 2 |  2.7
Polearms       | 4 |  4.5
Dodging        | 4 |  4.1

Action                   |  1- 3 |  4- 6 || total
-------------------------+-------+-------++-------
Melee: Spear             |    99 |    52 ||   151
       Headbutt          |    11 |    12 ||    23
       Punch             |     1 |       ||     1
 Stab: Sleeping          |     1 |       ||     1
Armor: Robe              |     9 |     1 ||    10
Dodge: Dodged            |    45 |    15 ||    60
Block: Other             |     6 |     5 ||    11

Table legend: (Time is in decaauts)
 A = Elapsed time spent in this place.
 B = Non-inter-level travel time spent in this place.
 C = Inter-level travel time spent in this place.
 D = Time resting spent in this place.
 E = Time spent auto-exploring this place.
 F = Levels seen in this place.
 G = Mean time per level.
                   A        B        C        D        E       F      G
               +--------+--------+--------+--------+--------+-----+--------+
         Total |   2208 |   2134 |     74 |    226 |   1596 |   3 |  736.0 |
       Dungeon |   2208 |   2134 |     74 |    226 |   1596 |   3 |  736.0 |
               +--------+--------+--------+--------+--------+-----+--------+

Top non-repeatable levels by time:
     D:3: 1021 daAuts
     D:1: 651 daAuts
     D:2: 535 daAuts
